 Dungeon Crawl Stone Soup version 0.17-a0-2007-g96ac4c4 (webtiles) character file.

88 Mordenkainen the Skirmisher (level 4, -4/41 HPs)
             Began as a Minotaur Abyssal Knight on Oct 9, 2015.
             Was a Believer of Lugonu.
             Slain by a gnoll
             ... wielding a +0 halberd
              (10 damage)
             ... on level 3 of the Dungeon.
             The game lasted 00:03:28 (1742 turns).

Mordenkainen the Skirmisher (MiAK)                  Turns: 1742, Time: 00:03:29

Health: -4/41      AC:  4    Str: 17    XL:     4   Next: 30%
Magic:  5/5        EV: 11    Int:  9    God:    Lugonu [**....]
Gold:   20         SH:  0    Dex: 10    Spells: 0 memorised, 3 levels left

rFire  . . .     SeeInvis .     a - +1 falchion
rCold  . . .     Clarity  .     b - +0 leather armour
rNeg   . . .     SustAt   .     (no shield)
rPois  .         Gourm    .     (helmet restricted)
rElec  .         Spirit   .     (no cloak)
rCorr  .         Warding  .     i - +0 pair of gloves
rMut   .         Stasis   .     (no boots)
MR     .....                    (no amulet)
Stlth  +.........               (no ring)
                                (no ring)

@: not resistant to hostile enchantments, very unstealthy
A: retaliatory headbutt, horns 2
a: Depart the Abyss, Bend Space, Renounce Religion


You were on level 3 of the Dungeon.
You worshipped Lugonu.
Lugonu was pleased with you.
You were not hungry.

You visited 1 branch of the dungeon, and saw 3 of its levels.
You visited the Abyss 1 time.

You collected 20 gold pieces.

Inventory:

Hand Weapons
 a - a +1 falchion (weapon)
Armour
 b - a +0 leather armour (worn)
 i - a +0 pair of gloves (worn)
Jewellery
 h - an uncursed amulet of faith {unknown}
Scrolls
 k - a scroll of fog {unknown}
 l - a scroll of identify {unknown}
Potions
 d - 2 potions of cancellation {unknown}
 e - a potion of agility {unknown}
 f - a potion of haste {unknown}
 j - a potion of mutation {unknown}
Comestibles
 c - 3 bread rations
 g - a meat ration
 m - a chunk of flesh


   Skills:
 + Level 4.4 Fighting
 + Level 3.2 Long Blades
 + Level 2.9 Armour
 + Level 1.8 Dodging
 + Level 2.9 Invocations


You had 3 spell levels left.
You didn't know any spells.

Dungeon Overview and Level Annotations

Branches:
Dungeon (3/15)

Altars:
Elyvilon
Makhleb
Xom


Innate Abilities, Weirdness & Mutations

You reflexively headbutt those who attack you in melee.
You have a pair of horns on your head.


Message History

The gnoll is heavily wounded.
The gnoll barely misses you.
You closely miss the gnoll. Your headbutt misses the gnoll.
The gnoll is heavily wounded.
The gnoll hits you with a halberd!
* * * LOW HITPOINT WARNING * * *
You are too injured to fight recklessly!
You are too injured to fight recklessly!
You are too injured to fight recklessly!
You closely miss the gnoll.
The gnoll is heavily wounded.
The gnoll closely misses you.
You closely miss the gnoll.
The gnoll is heavily wounded.
The gnoll hits you with a halberd!
* * * LOW HITPOINT WARNING * * *
You hit the gnoll. Your headbutt misses the gnoll.
The gnoll is heavily wounded.
The gnoll hits you with a halberd!
You die...

### ..###
....# ##.#.#
######....# #
#...#...!.#.##
#.g...).....#
.. #@.....#
#..###.#....#
#......((†..#
#.####(######
#.#
...####.###
.........<#
#######.#.#
#.#.#


You could see a gnoll.

Vanquished Creatures
  4 adders
  A worm (D:2)
  2 giant geckos (D:2)
  6 bats
  8 goblins
  3 hobgoblins (D:2)
  4 jackals (D:2)
  A quokka (D:2)
  A ball python (D:2)
  4 giant newts
  11 kobolds
  3 rats
48 creatures vanquished.

Notes
Turn   | Place    | Note
--------------------------------------------------------------
     0 | Abyss:1  | Mordenkainen the Minotaur Abyssal Knight began the quest for the Orb.
     0 | Abyss:1  | Reached XP level 1. HP: 19/19 MP: 1/1
   120 | Abyss:1  | Noticed a kobold demonologist
   132 | Abyss:1  | Noticed an ancient zyme
   134 | D:1      | Escaped the Abyss
   315 | D:1      | Reached XP level 2. HP: 18/27 MP: 2/2
   320 | D:1      | Acquired Lugonu's first power
   992 | D:2      | Reached XP level 3. HP: 18/33 MP: 3/3
  1012 | D:2      | Reached skill level 4 in Fighting
  1331 | D:2      | Found a shimmering altar of Xom.
  1333 | D:2      | Found a burning altar of Makhleb.
  1346 | D:2      | Found a white marble altar of Elyvilon.
  1599 | D:2      | Reached XP level 4. HP: 32/40 MP: 3/5
  1681 | D:2      | Acquired Lugonu's second power
  1742 | D:3      | Slain by a gnoll

Vault maps used:
D:1:      dpeg_arrival_simpleton_a
D:2:      gammafunk_temple_overflow_statue, elyvilon_altar_5
D:3:      nicolae_qazlal_eye_of_the_storm, ecumenical_altar_2, uniq_iyjb

Action                   |  1- 3 |  4- 6 || total
-------------------------+-------+-------++-------
Melee: Falchion          |   112 |    25 ||   137
Invok: Depart the Abyss  |     1 |       ||     1
  Eat: Chunk             |     2 |     1 ||     3
